Map: Berlingrad LE

Players

herO - Winner!

  • Race: Protoss Protoss

LiquidClem (Clem)

  • Race: Terran Terran

Event: TSL 8

VOD

Have the link to the VOD?

Description

Time

  • Played on: Nov. 27, 2021, 6:36 a.m.
  • Length: 11:11

All games in this series

Show
View Real Time Build Order
Export as new Build Order

herO Protoss - Winner!

Build Orders: Phoenix Opening 

Get SALT Encoding   

  12  0:00  Probe  
  13  0:12  Probe  
  14  0:17  Pylon  
  14  0:24  Probe  
  15  0:35  Gateway  
  15  0:36  Probe (Chrono Boost)  
  15  0:42  Assimilator  
  16  0:48  Probe (Chrono Boost)  
  17  0:51  Assimilator  
  17  0:53  Probe (Chrono Boost)  
  18  1:03  Probe  
  19  1:05  Pylon  
  19  1:15  Probe  
  20  1:23  Cybernetics Core  
  22  1:27  Probe  
  23  1:39  Probe  
  24  1:51  Probe  
  23  1:56  Adept (Chrono Boost)  
  23  1:59  Stargate  
  25  2:10  Nexus  
  25  2:19  Adept, Warp Gate  
  25  2:22  Probe  
  28  2:30  Pylon  
  28  2:34  Probe  
  29  2:42  Phoenix (Chrono Boost)  
  31  2:48  Probe  
  32  2:51  Adept  
  34  2:58  Phoenix (Chrono Boost)  
  34  3:03  Probe  
  37  3:16  Probe (Chrono Boost)  
  38  3:23  Phoenix  
  38  3:25  Probe (Chrono Boost)  
  41  3:28  Probe (Chrono Boost)  
  41  3:32  Twilight Council  
  42  3:35  Probe (Chrono Boost)  
  42  3:37  Probe (Chrono Boost)  
  44  3:41  Probe  
  44  3:45  Probe  
  46  3:50  Gateway  
  46  3:55  Phoenix  
  48  3:58  Probe x2  
  50  4:05  Pylon  
  50  4:06  Resonating Glaives (Chrono Boost)  
  50  4:10  Gateway  
  50  4:16  Probe x2  
  52  4:25  Gateway  
  52  4:28  Gateway  
  52  4:30  Probe  
  52  4:31  Probe  
  54  4:43  Gateway  
  54  4:44  Gateway  
  54  4:48  Adept x2  
  54  4:52  Pylon  
  58  4:53  Probe  
  58  4:54  Probe  
  58  4:58  Assimilator  
  60  5:11  Nexus  
  60  5:22  Adept x3  
  60  5:23  Adept  
  60  5:26  Pylon  
  68  5:36  Pylon  
  68  5:44  Adept x4  
  68  5:45  Adept  
  72  6:12  Adept x3  
  72  6:13  Adept x3  
  72  6:16  Probe x2  
  86  6:18  Forge  
  86  6:22  Templar Archives  
  86  6:32  Probe x2  
  84  6:41  Psionic Storm  
  68  6:48  Probe x2  
  66  6:59  High Templar x2  
  68  7:03  Probe x3, Charge (Chrono Boost)  
  68  7:08  Protoss Ground Weapons Level 1 (Chrono Boost)  
  71  7:09  Gateway  
  71  7:11  Gateway  
  71  7:12  Zealot x4, Gateway  
  71  7:13  Shield Battery  
  79  7:23  Probe x2  
  79  7:24  Probe  
  82  7:31  Shield Battery  
  82  7:33  Pylon  
  82  7:35  Probe x2  
  82  7:36  Probe  
  83  7:37  Zealot x2  
  83  7:38  Zealot x2  
  83  7:40  High Templar  
  93  7:48  Shield Battery  
  93  7:50  Photon Cannon  
  93  7:55  Photon Cannon  
  93  8:02  High Templar  
  93  8:03  Zealot x5  
  105  8:10  Pylon  
  105  8:11  Zealot, Pylon  
  103  8:19  Stalker x2  
  97  8:29  Zealot  
  97  8:30  Zealot x4  
  103  8:41  Robotics Facility  
  103  8:50  Zealot x7  
  107  9:05  Zealot x3  
  109  9:11  Zealot x5  
  109  9:12  Zealot  
  109  9:16  Archon  
  107  9:18  Zealot  
  95  9:26  Warp Prism (Chrono Boost)  
  97  9:31  High Templar x3  
  97  9:37  Zealot x6  
  109  9:46  Zealot  
  111  9:57  Observer, Nexus  
  111  9:58  Pylon  
  112  10:04  High Templar x2  
  112  10:05  Zealot x3  
  122  10:07  Zealot  
  122  10:09  Archon  
  122  10:13  Photon Cannon  
  124  10:16  Photon Cannon  
  101  10:29  Archon  
  101  10:33  Zealot x5  
Show
View Real Time Build Order
Export as new Build Order

LiquidClem Terran 

Build Orders: Cyclone Opening 

Get SALT Encoding   

  12  0:00  SCV  
  13  0:12  SCV  
  14  0:17  Supply Depot  
  14  0:24  SCV  
  15  0:39  SCV  
  15  0:40  Barracks  
  15  0:42  Refinery  
  16  0:51  SCV  
  17  1:03  SCV  
  18  1:15  SCV  
  19  1:27  Marine  
  19  1:28  Orbital Command  
  20  1:43  Supply Depot  
  20  1:44  Factory  
  20  1:46  Marine  
  21  1:48  Refinery  
  21  1:54  SCV  
  22  2:04  Marine  
  22  2:07  SCV  
  24  2:08  Bunker  
  24  2:22  Command Center  
  24  2:24  SCV  
  24  2:29  Factory Tech Lab  
  25  2:31  Barracks Reactor  
  25  2:36  SCV  
  26  2:39  Supply Depot  
  26  2:48  Cyclone  
  26  2:50  SCV  
  30  2:59  Barracks  
  30  3:02  SCV  
  31  3:07  Marine  
  31  3:08  Marine  
  33  3:15  SCV  
  34  3:24  Cyclone  
  37  3:27  SCV  
  37  3:28  Marine  
  37  3:33  Marine  
  40  3:39  SCV, Barracks  
  41  3:46  Marine  
  42  3:51  SCV, Marine  
  42  3:53  Orbital Command  
  43  4:04  Stimpack  
  43  4:05  Factory Reactor, Marine  
  43  4:06  SCV  
  43  4:07  Marine  
  46  4:14  Marine  
  47  4:18  SCV  
  47  4:21  SCV  
  47  4:23  Supply Depot  
  49  4:24  Supply Depot  
  49  4:26  Marine  
  49  4:28  Barracks Tech Lab  
  49  4:30  SCV  
  51  4:33  Starport  
  51  4:35  SCV  
  51  4:38  Marine  
  53  4:41  Marine  
  53  4:45  Supply Depot, SCV  
  55  4:48  SCV, Factory Tech Lab  
  56  4:52  Combat Shield  
  56  4:53  Marine  
  56  4:56  Marine  
  56  4:57  SCV, Marine  
  60  5:00  SCV  
  60  5:04  Refinery  
  60  5:06  Engineering Bay  
  60  5:09  SCV  
  60  5:11  Siege Tank  
  60  5:14  SCV  
  65  5:16  Marine  
  65  5:18  Marine x2  
  65  5:19  Marine  
  69  5:22  Medivac  
  69  5:25  Medivac  
  69  5:28  Supply Depot  
  73  5:30  SCV  
  73  5:31  SCV  
  73  5:33  Marine  
  76  5:36  Terran Infantry Weapons Level 1  
  76  5:37  Marine  
  76  5:40  Marine  
  78  5:45  Supply Depot  
  78  5:46  Concussive Shells  
  78  5:47  Refinery  
  78  5:49  SCV  
  80  5:50  SCV  
  80  5:54  Medivac  
  80  5:55  Marine x3  
  84  6:02  SCV x2  
  72  6:13  Marine x2  
  72  6:14  SCV, Siege Tank  
  72  6:17  SCV, Marine  
  72  6:18  Marine  
  80  6:20  Medivac  
  82  6:28  SCV  
  82  6:29  SCV  
  82  6:31  Supply Depot, Marine x2  
  86  6:35  Marine  
  86  6:38  Marine  
  83  6:41  SCV  
  83  6:42  SCV  
  68  6:48  Marine  
  68  6:49  Marine  
  68  6:53  SCV, Marine  
  68  6:54  SCV  
  70  7:02  Marine  
  70  7:05  SCV  
  72  7:11  SCV  
  72  7:13  Marine  
  74  7:17  SCV  
  74  7:21  Barracks Reactor, Marine  
  76  7:26  Widow Mine x2  
  76  7:27  SCV  
  76  7:29  SCV  
  81  7:31  Marine  
  81  7:35  Supply Depot  
  82  7:38  Terran Infantry Armor Level 1  
  82  7:39  SCV  
  82  7:41  SCV  
  82  7:43  Marine  
  85  7:49  Medivac, Marine  
  85  7:50  Medivac  
  85  7:51  SCV  
  91  7:53  Widow Mine x2  
  91  7:58  Supply Depot  
  95  8:00  Marine x2  
  95  8:01  SCV  
  95  8:04  Marauder  
  99  8:09  Marauder, Supply Depot  
  101  8:17  Widow Mine  
  101  8:18  Widow Mine, Marine  
  101  8:19  Marine  
  107  8:25  Marauder  
  109  8:27  Supply Depot, Medivac  
  109  8:29  Medivac  
  113  8:39  Marine x2  
  113  8:40  Widow Mine x2  
  116  8:41  Marauder  
  116  8:49  Marauder  
  118  8:58  Supply Depot  
  118  8:59  Marine x2  
  118  9:02  Marauder, Widow Mine x2  
  124  9:05  Medivac x2  
  124  9:10  Marauder  
  124  9:12  SCV x2  
  124  9:17  Marine x2  
  90  9:24  Marauder, SCV x2  
  89  9:31  Marauder  
  89  9:34  Marine x2  
  89  9:38  Widow Mine  
  91  9:39  Widow Mine  
  92  9:52  Barracks  
  92  9:53  Barracks  
  92  9:55  Marine x2  
  92  9:56  Marauder  
  96  10:00  Marauder  
  96  10:06  Widow Mine x2  
  102  10:12  Supply Depot  
  102  10:14  Marine x2  
  103  10:18  Liberator  
  107  10:23  Liberator  
  99  10:29  Widow Mine  
  99  10:30  Marauder  
  99  10:33  Marine x2  
  85  10:36  Marauder  
  64  10:50  Marine  
Tags
 
Add a new tag
Caveats
  • Supply blocks, unpowered buildings, or Contaminate may cause inaccurate times.
  • Supply counts are checked every 10 seconds.